 Dungeon Crawl Stone Soup version 0.22-a0-479-gc6e99f3 (webtiles) character file.

32 Laiders72 the Ruffian (level 3, -12/29 HPs)
             Began as a Draconian Transmuter on June 14, 2018.
             Mangled by a wight
             ... wielding a +5 great sword
              (16 damage)
             ... on level 1 of the Dungeon.
             The game lasted 00:02:49 (1139 turns).

Laiders72 the Ruffian (Draconian Transmuter)        Turns: 1139, Time: 00:02:49

Health: -12/29     AC:  2    Str: 12    XL:     3   Next: 8%
Magic:  1/6        EV: 19    Int: 14    God:
Gold:   52         SH:  0    Dex: 16    Spells: 0/6 levels left

rFire    . . .     SeeInvis .     - Unarmed
rCold    . . .     Gourm    .   (shield currently unavailable)
rNeg     . . .     Faith    .   (armour unavailable)
rPois    x         Spirit   .   (helmet currently unavailable)
rElec    .         Reflect  .   (cloak currently unavailable)
rCorr    .         Harm     .   (gloves currently unavailable)
MR       .....                  (boots currently unavailable)
Stlth    +.........             (no amulet)
HPRegen  0.09/turn              j - ring of flight
MPRegen  0.10/turn              (no ring)

@: spider-form (expiring), very slightly contaminated, drained
A: tiny, unfitting armour, AC +5
a: End Transformation, Evoke Flight


You were on level 1 of the Dungeon.
You were very hungry.
You were a venomous arachnid creature.
You visited 1 branch of the dungeon, and saw 2 of its levels.

You collected 52 gold pieces.

Inventory:

Missiles
 a - 36 arrows
Armour
 g - a cursed +0 pair of gloves (melded)
Jewellery
 j - a ring of flight (left front leg)
Scrolls
 b - a scroll of immolation {unknown}
 d - a scroll of teleportation {unknown}
 e - a scroll of fear {unknown}
 h - 4 scrolls of identify {unknown}
Potions
 f - a potion of mutation {unknown}
 i - a potion of magic {unknown}
Comestibles
 c - a ration


   Skills:
 + Level 1.7(1.1) Fighting
 + Level 2.2(1.6) Dodging
 + Level 3.2(2.6) Unarmed Combat
 + Level 2.2(1.7) Spellcasting
 + Level 2.3(1.8) Transmutations
 + Level 0.0 Poison Magic


You couldn't memorise any spells.
You knew the following spells:

 Your Spells              Type           Power        Failure   Level  Hunger
a - Beastly Appendage     Tmut           #.....       28%         1    ##.....
b - Sticks to Snakes      Tmut           #.......     38%         2    ###....
c - Spider Form           Tmut/Pois      #.........   67%         3    ####...

Your spell library contained the following spells:

 Spells                   Type           Power        Failure   Level  Hunger
 Blade Hands              Tmut           #.........   99%         5    ######.
 Ice Form                 Ice/Tmut       #.......     95%         4    #####..


Dungeon Overview and Level Annotations

Branches:
Dungeon (2/15)

Altars:


Innate Abilities, Weirdness & Mutations

((Your plain brown scales are hard. (AC +5)))
You cannot fit into any form of body armour.
((You are cold-blooded and may be slowed by cold attacks.))


Message History

The wight is moderately damaged.
The wight barely misses you.
You hit the wight.
The wight is moderately damaged.
The wight closely misses you.
You hit the wight.
The wight is heavily damaged.
You hit the wight.
The wight is severely damaged.
The wight barely misses you.
You hit the wight but do no damage.
The wight is severely damaged.
The wight completely misses you.
You barely miss the wight.
The wight is severely damaged.
You barely miss the wight.
The wight is severely damaged.
The wight hits you with an enchanted great sword!
Ouch! That really hurt!
You die...

......#
......############
##...<##....)....#
......##.#######.#
....).##.# #.#
.#.#####.# #.#
......##.# #.#
..††..##.# #.#
#..##.##.# #s#
......##.# #z#
......##.# #.#
#..#####.# #.#
......##.#######.####
##..####............#
#.## #########.##.#
#..############.##.#
##..............##.#


You could see a wight.

Vanquished Creatures
  A gnoll (D:1)
  2 dart slugs (D:1)
  A leopard gecko (D:1)
  3 bats (D:1)
  3 frilled lizards (D:1)
  4 goblins (D:1)
  4 kobolds (D:1)
  3 rats (D:1)
21 creatures vanquished.

Notes
Turn   | Place    | Note
-------+----------+-------------------------------------------
     0 | D:1      | Laiders72 the Draconian Transmuter began the quest for the Orb.
     0 | D:1      | Reached XP level 1. HP: 16/16 MP: 3/3
   183 | D:1      | Reached XP level 2. HP: 5/23 MP: 3/5
   430 | D:1      | Learned a level 2 spell: Sticks to Snakes
   810 | D:1      | Reached XP level 3. HP: 27/29 MP: 6/6
   998 | D:1      | Learned a level 3 spell: Spider Form
  1139 | D:1      | Mangled by a wight

Vault maps used:
D:1:      dpeg_arrival_ternary

Skill      XL: |  1 |
---------------+----+-----
Dodging        | 2 |  2.2
Fighting       | |  1.7
Unarmed Combat | |  3.2
Spellcasting   | |  2.2
Transmutations | |  2.3

Action                   || total
-------------------------++-------
Melee: Unarmed           ||    81
       Punch             ||     3
       Headbutt          ||     1
       Tailslap          ||     2
 Cast: Beastly Appendage ||     1
       Sticks to Snakes  ||     2
       Spider Form       ||     1
Armor: Skin              ||    25
Dodge: Dodged            ||    63

Table legend:
 A = Spawn XP
 B = Non-spawn XP
 C = Spawn XP percentage of total XP
 D = Spawn monster count
 E = Non-spawn monster count
 F = Spawn count percentage of total count
 G = Total turns spent on level
                    A         B        C        D         E        F      G
               +---------+---------+-------+---------+---------+-------+---------
         Total |       0 |      46 |   0.0 |       0 |      21 |   0.0 |  1139
               +---------+---------+-------+---------+---------+-------+---------
           D:1 |       0 |      46 |   0.0 |       0 |      21 |   0.0 |  1134
               +---------+---------+-------+---------+---------+-------+---------
